Dallas Stars vs Anaheim Ducks
Created - Monday, January 19, 2026 at 07:55
Goals
|
| Dallas Stars |
0 |
2 |
1 |
1 |
4 |
| Anaheim Ducks |
1 |
1 |
1 |
0 |
3 |
|
Shots
|
| Dallas Stars |
8 |
11 |
11 |
1 |
31 |
| Anaheim Ducks |
15 |
13 |
11 |
0 |
39 |
|
1st period
1. Anaheim Ducks , William Nylander 3 (John Tavares 4) at 7:07
Penalties :
No Penalty
2nd period
2. Dallas Stars , Elias Lindholm 1 (Dougie Hamilton 1, Brendan Gallagher 2) at 11:54 (PP)
3. Dallas Stars , Filip Chytil 4 (Trevor van Riemsdyk 2) at 17:12
4. Anaheim Ducks , Morgan Rielly 1 (Philip Broberg 1, Mark Scheifele 3) at 19:18
Penalties :
Jordan Martinook (DAL) for Tripping (Minor) at 1:37, Ivan Provorov (ANH) for Tripping (Minor) at 3:46, Brayden Schenn (ANH) for Holding (Minor) at 11:24
3rd period
5. Anaheim Ducks , Chandler Stephenson 2 (Philip Broberg 2, Brenden Dillon 1) at 18:11
6. Dallas Stars , Brendan Gallagher 1 (Elias Lindholm 2, Dougie Hamilton 2) at 19:51
Penalties :
Mason Marchment (ANH) for Tripping (Minor) at 2:23, Luke Kunin (DAL) for Roughing (Minor) at 7:29
Overtime #1
7. Dallas Stars , Elias Lindholm 2 (Dougie Hamilton 3) at 1:16
Penalties :
No Penalty
Goalie Stats
Alex Lyon (DAL), 36 saves from 39 shots - (0.923), W, 1-0-0, 60:07 minutes
Linus Ullmark (ANH), 27 saves from 31 shots - (0.871), OTL, 3-0-1, 61:16 minutes
Players Stats for Dallas Stars
Player Name G A P +/- PIM S H SB GA TA FO MP PP MP PK MP
------------------------------------------------------------------------------------
Alex Iafallo 0 0 0 0 0 3 2 1 1 1 0/0 13:48 0:01 0:00
Arber Xhekaj 0 0 0 -1 0 0 1 1 0 1 0/0 13:28 0:00 0:00
Brendan Gallagher 1 1 2 0 0 6 1 0 0 0 0/1 19:32 2:19 1:54
Cam York 0 0 0 -1 0 0 0 0 0 1 0/0 13:28 0:00 0:00
Dougie Hamilton 0 3 3 1 0 2 0 2 0 1 0/0 27:34 2:10 2:06
Elias Lindholm 2 1 3 1 0 4 0 0 1 2 8/24 19:57 2:19 1:47
Filip Chytil 1 0 1 0 0 1 0 0 1 0 5/12 15:31 2:08 0:00
Jack Drury 0 0 0 -1 0 1 1 0 0 0 2/4 9:13 0:00 0:00
Jakob Chychrun 0 0 0 0 0 1 1 1 0 0 0/0 20:14 2:18 1:52
Joel Kiviranta 0 0 0 -1 0 0 0 1 0 0 0/0 9:16 0:01 0:00
Jonas Siegenthaler 0 0 0 0 0 0 5 1 0 0 0/0 20:14 2:18 1:52
Jordan Greenway 0 0 0 0 0 0 1 0 0 0 0/1 14:33 0:01 0:43
Jordan Martinook 0 0 0 0 2 1 3 0 0 0 0/0 17:06 2:08 1:00
Josh Anderson 0 0 0 1 0 4 5 0 1 0 1/3 19:57 2:19 1:47
Luke Kunin 0 0 0 0 2 1 2 0 0 0 1/1 15:56 2:08 0:00
Philip Tomasino 0 0 0 -1 0 2 0 0 0 0 0/0 9:13 0:00 0:00
Trent Frederic 0 0 0 0 0 2 1 0 0 0 1/5 14:30 0:00 0:45
Trevor van Riemsdyk 0 1 1 1 0 3 1 3 0 2 0/0 27:34 2:10 2:06
Players Stats for Anaheim Ducks
Player Name G A P +/- PIM S H SB GA TA FO MP PP MP PK MP
------------------------------------------------------------------------------------
Alex Killorn 0 0 0 0 0 2 0 0 0 0 0/0 8:38 0:00 0:00
Brayden Schenn 0 0 0 -1 2 2 1 1 0 0 1/2 16:46 1:59 0:55
Brenden Dillon 0 1 1 0 0 4 3 0 0 0 0/0 18:53 0:00 2:05
Chandler Stephenson 1 0 1 1 0 6 2 0 2 2 3/10 16:32 0:00 2:41
Esa Lindell 0 0 0 1 0 1 0 2 0 0 0/0 23:20 0:00 3:04
Ivan Provorov 0 0 0 -3 2 0 1 2 0 0 0/0 22:27 1:51 1:44
J.T. Compher 0 0 0 2 0 1 1 1 0 0 0/1 15:26 0:00 2:40
John Tavares 0 1 1 1 0 4 2 0 0 0 15/18 17:24 1:59 0:00
Joshua Morrissey 0 0 0 -1 0 0 0 0 0 0 0/0 18:32 2:07 0:39
Luke Evangelista 0 0 0 0 0 0 0 0 0 0 0/0 8:38 0:00 0:00
Mark Scheifele 0 1 1 -2 0 2 1 0 0 0 9/13 16:29 1:59 0:00
Mason Marchment 0 0 0 -1 2 0 5 0 0 0 1/1 16:07 1:59 0:00
Morgan Rielly 1 0 1 2 0 4 0 1 0 0 0/0 19:51 2:07 0:00
Nazem Kadri 0 0 0 0 0 2 0 0 2 0 0/0 18:02 1:59 0:40
Parker Kelly 0 0 0 -1 0 3 0 0 0 1 3/4 11:09 0:00 1:00
Philip Broberg 0 2 2 1 0 1 0 1 1 0 0/0 19:38 1:51 1:24
Will Cuylle 0 0 0 1 0 1 2 1 0 0 0/0 15:17 0:00 1:00
William Nylander 1 0 1 1 0 6 0 0 3 1 1/2 17:24 1:59 0:00
3 Stars
1 - Elias Lindholm (DAL)
2 - Dougie Hamilton (DAL)
3 - Brendan Gallagher (DAL)
Power Play
Dallas Stars - 1 on 3 Attempt(s) - 33.33%
Anaheim Ducks - 0 on 2 Attempt(s) - 0.00%
Penalty Kill
Dallas Stars - 2 on 2 Attempt(s) - 100.00%
- Score 0 goal in Penalty Kill
Anaheim Ducks - 2 on 3 Attempt(s) - 66.67%
- Score 0 goal in Penalty Kill
Team Stat
Dallas Stars - Hits : 24 - Faceoff Wins : 18 - Blocked Shots : 10 - Penalty Minutes : 4
Anaheim Ducks - Hits : 18 - Faceoff Wins : 33 - Blocked Shots : 9 - Penalty Minutes : 6
Official
Referees : Pierre Lambert and Chris Rooney
Linesman : Jesse Marquis and Ryan Daisy
Game Notes
No Game Note
Finance
Level 1 -- Attendance: 4499 (74.98%) -- Ticket Income $449,900
Level 2 -- Attendance: 3933 (78.66%) -- Ticket Income $235,980
Level 3 -- Attendance: 2100 (70.00%) -- Ticket Income $96,600
Level 4 -- Attendance: 3695 (73.90%) -- Ticket Income $92,375
Luxury Box -- Attendance: 820 (82.00%) -- Ticket Income $164,000
Game was played at the Honda Center.
Total Attendance: 15047 (75.24%)
Total Ticket Income: $1,038,855
Other Income: $363,599
Total Income: $1,402,454
Dallas Stars
5 vs 5 Forward
Center Left Wing Right Wing Time % Phy DF OF
1 Elias Lindholm Josh Anderson Brendan Gallagher 30 1 2 2
2 Filip Chytil Jordan Martinook Luke Kunin 30 1 2 2
3 Trent Frederic Alex Iafallo Jordan Greenway 25 1 2 2
4 Jack Drury Joel Kiviranta Philip Tomasino 15 1 2 2
5 vs 5 Defense
Defense Defense Time % Phy DF OF
1 Dougie Hamilton Trevor van Riemsdyk 30 1 2 2
2 Jakob Chychrun Jonas Siegenthaler 30 1 2 2
3 Cam York Arber Xhekaj 25 1 2 2
4 Dougie Hamilton Trevor van Riemsdyk 15 1 2 2
PowerPlay Forward
Center Left Wing Right Wing Time % Phy DF OF
1 Elias Lindholm Josh Anderson Brendan Gallagher 50 1 2 2
2 Filip Chytil Jordan Martinook Luke Kunin 50 1 2 2
PowerPlay Defense
Defense Defense Time % Phy DF OF
1 Dougie Hamilton Trevor van Riemsdyk 50 1 2 2
2 Jakob Chychrun Jonas Siegenthaler 50 1 2 2
Penalty Kill 4 Players Forward
Center Wing Time % Phy DF OF
1 Elias Lindholm Josh Anderson 50 1 2 2
2 Brendan Gallagher Jordan Martinook 50 1 2 2
Penalty Kill 4 Players Defense
Defense Defense Time % Phy DF OF
1 Dougie Hamilton Trevor van Riemsdyk 50 1 2 2
2 Jakob Chychrun Jonas Siegenthaler 50 1 2 2
Penalty Kill - 3 Players Forward
Forward Time % Phy DF OF
1 Elias Lindholm 50 1 2 2
2 Josh Anderson 50 1 2 2
Penalty Kill - 3 Players Defense
Defense Defense Time % Phy DF OF
1 Dougie Hamilton Trevor van Riemsdyk 50 1 2 2
2 Jakob Chychrun Jonas Siegenthaler 50 1 2 2
4 vs 4 Forward
Center Wing Time % Phy DF OF
1 Elias Lindholm Josh Anderson 50 1 2 2
2 Brendan Gallagher Jordan Martinook 50 1 2 2
4 vs 4 Defense
Defense Defense Time % Phy DF OF
1 Dougie Hamilton Trevor van Riemsdyk 50 1 2 2
2 Jakob Chychrun Jonas Siegenthaler 50 1 2 2
Last Minutes Offensive
Center Left Wing Right Wing Defense Defense
Elias Lindholm Josh Anderson Brendan Gallagher Dougie Hamilton Trevor van Riemsdyk
Last Minutes Defensive
Center Left Wing Right Wing Defense Defense
Elias Lindholm Josh Anderson Brendan Gallagher Dougie Hamilton Trevor van Riemsdyk
Goaltenders
Starting : Alex Lyon
Backup : Ukko-Pekka Luukkonen
Extra Forwards
Normal : Alex Iafallo, Joel Kiviranta, Trent Frederic - PP : Alex Iafallo, Joel Kiviranta - PK : Trent Frederic
Extra Defensemen
Normal : Cam York, Arber Xhekaj, Jakob Chychrun - PP : Cam York - PK : Arber Xhekaj, Jakob Chychrun
Penalty Shots
Elias Lindholm, Josh Anderson, Brendan Gallagher, Jordan Martinook, Alex Iafallo
Scratches
Ty Smith (Healthy), Nils Lundkvist (Healthy), Jonatan Berggren (Healthy), Marc-Andre Fleury (Healthy), Semyon Varlamov (Healthy)
Anaheim Ducks
5 vs 5 Forward
Center Left Wing Right Wing Time % Phy DF OF
1 John Tavares Nazem Kadri William Nylander 35 1 2 2
2 Mark Scheifele Mason Marchment Brayden Schenn 35 1 2 2
3 Chandler Stephenson J.T. Compher Will Cuylle 20 1 2 2
4 Parker Kelly Alex Killorn Luke Evangelista 10 1 1 3
5 vs 5 Defense
Defense Defense Time % Phy DF OF
1 Esa Lindell Morgan Rielly 37 1 2 2
2 Joshua Morrissey Ivan Provorov 33 1 2 2
3 Philip Broberg Brenden Dillon 30 1 2 2
4 Esa Lindell Ivan Provorov 0 1 2 2
PowerPlay Forward
Center Left Wing Right Wing Time % Phy DF OF
1 John Tavares Nazem Kadri William Nylander 50 1 0 4
2 Mark Scheifele Mason Marchment Brayden Schenn 50 1 0 4
PowerPlay Defense
Defense Defense Time % Phy DF OF
1 Joshua Morrissey Morgan Rielly 60 1 1 3
2 Ivan Provorov Philip Broberg 40 1 2 2
Penalty Kill 4 Players Forward
Center Wing Time % Phy DF OF
1 Chandler Stephenson J.T. Compher 60 1 3 1
2 Parker Kelly Will Cuylle 40 1 3 1
Penalty Kill 4 Players Defense
Defense Defense Time % Phy DF OF
1 Esa Lindell Ivan Provorov 60 1 4 0
2 Brenden Dillon Philip Broberg 40 1 4 0
Penalty Kill - 3 Players Forward
Forward Time % Phy DF OF
1 Chandler Stephenson 55 1 4 0
2 J.T. Compher 45 1 4 0
Penalty Kill - 3 Players Defense
Defense Defense Time % Phy DF OF
1 Esa Lindell Ivan Provorov 60 1 4 0
2 Brenden Dillon Philip Broberg 40 1 4 0
4 vs 4 Forward
Center Wing Time % Phy DF OF
1 John Tavares William Nylander 50 1 1 3
2 Mark Scheifele Nazem Kadri 50 1 1 3
4 vs 4 Defense
Defense Defense Time % Phy DF OF
1 Esa Lindell Morgan Rielly 60 1 2 2
2 Brenden Dillon Ivan Provorov 40 1 2 2
Last Minutes Offensive
Center Left Wing Right Wing Defense Defense
John Tavares Nazem Kadri William Nylander Joshua Morrissey Morgan Rielly
Last Minutes Defensive
Center Left Wing Right Wing Defense Defense
Chandler Stephenson Will Cuylle Parker Kelly Ivan Provorov Esa Lindell
Goaltenders
Starting : Linus Ullmark
Backup : Alexandar Georgiev
Extra Forwards
Normal : William Nylander, John Tavares, Mark Scheifele - PP : William Nylander, Mark Scheifele - PK : Chandler Stephenson
Extra Defensemen
Normal : Esa Lindell, Ivan Provorov, Morgan Rielly - PP : Morgan Rielly - PK : Esa Lindell, Ivan Provorov
Penalty Shots
Chandler Stephenson, Mark Scheifele, Brayden Schenn, Alex Killorn, William Nylander
Scratches
None
% Time on Ice - Dallas Stars
Lines # - Real PCT - Wanted PCT - Time Play
Normal Forward
1 - 28% - 30% - 14:04
2 - 27% - 30% - 13:27
3 - 27% - 25% - 13:45
4 - 18% - 15% - 9:13
Normal Defense
1 - 30% - 30% - 15:07
2 - 30% - 30% - 15:23
3 - 27% - 25% - 13:28
4 - 13% - 15% - 6:31
PP Forward
1 - 52% - 50% - 2:19
2 - 48% - 50% - 2:09
PP Defense
1 - 49% - 50% - 2:10
2 - 51% - 50% - 2:18
PK Forward
1 - 45% - 50% - 1:47
2 - 55% - 50% - 2:11
PK Defense
1 - 53% - 50% - 2:06
2 - 47% - 50% - 1:52
PK3 Forward
1 - 0% - 50%
2 - 0% - 50%
PK3 Defense
1 - 0% - 50%
2 - 0% - 50%
44 Forward
1 - 55% - 50% - 0:42
2 - 45% - 50% - 0:34
44 Defense
1 - 46% - 50% - 0:35
2 - 54% - 50% - 0:41
Last Minute Offensive - 1:05
Last Minute Defensive - 0:00
Total
Forward - 61:16
Defense - 61:16
|
% Time on Ice - Anaheim Ducks
Lines # - Real PCT - Wanted PCT - Time Play
Normal Forward
1 - 29% - 35% - 14:46
2 - 28% - 35% - 14:19
3 - 25% - 20% - 12:46
4 - 17% - 10% - 8:38
Normal Defense
1 - 37% - 37% - 18:34
2 - 31% - 33% - 15:36
3 - 32% - 30% - 16:13
4 - 0% - 0% - 0:06
PP Forward
1 - 50% - 50% - 1:59
2 - 50% - 50% - 1:59
PP Defense
1 - 53% - 60% - 2:07
2 - 47% - 40% - 1:51
PK Forward
1 - 78% - 60% - 3:28
2 - 22% - 40% - 1:00
PK Defense
1 - 83% - 60% - 3:43
2 - 17% - 40% - 0:45
PK3 Forward
1 - 0% - 55%
2 - 0% - 45%
PK3 Defense
1 - 0% - 60%
2 - 0% - 40%
44 Forward
1 - 51% - 50% - 0:39
2 - 49% - 50% - 0:37
44 Defense
1 - 54% - 60% - 0:41
2 - 46% - 40% - 0:35
Last Minute Offensive - 0:00
Last Minute Defensive - 1:05
Total
Forward - 61:16
Defense - 61:16
|
Play-by-Play
1st period
0:01 of 1st period - Elias Lindholm wins face-off versus William Nylander in neutral zone.
0:27 of 1st period - Esa Lindell is hit by Trevor van Riemsdyk and loses puck.
0:52 of 1st period - Slapshot by Will Cuylle.
0:52 of 1st period - Shot Misses the Net.
0:54 of 1st period - Wrist shot by Will Cuylle.
0:54 of 1st period - Deflect By Chandler Stephenson.
0:54 of 1st period - Stopped by Alex Lyon without a rebound.
0:55 of 1st period - Jack Drury wins face-off versus Parker Kelly in Dallas Stars zone.
1:08 of 1st period - Snap shot by Jack Drury.
1:08 of 1st period - Shot Blocked by Ivan Provorov.
1:14 of 1st period - Ivan Provorov is hit by Arber Xhekaj and loses puck.
1:33 of 1st period - Wrist shot by Alex Killorn.
1:33 of 1st period - Deflect By Parker Kelly.
1:33 of 1st period - Shot Misses the Net.
1:33 of 1st period - Puck is out of play.
1:34 of 1st period - John Tavares wins face-off versus Elias Lindholm in Dallas Stars zone.
1:45 of 1st period - Snap shot by Brendan Gallagher.
1:45 of 1st period - Stopped by Linus Ullmark with a rebound.
2:22 of 1st period - Snap shot by Mason Marchment.
2:22 of 1st period - Deflect By Mark Scheifele.
2:22 of 1st period - Deflect By Jordan Greenway.
2:22 of 1st period - Stopped by Alex Lyon with a rebound.
2:24 of 1st period - Slapshot by Brenden Dillon.
2:24 of 1st period - Stopped by Alex Lyon without a rebound.
2:25 of 1st period - Brayden Schenn wins face-off versus Elias Lindholm in Dallas Stars zone.
2:52 of 1st period - Ivan Provorov is hit by Luke Kunin and loses puck.
4:22 of 1st period - Wrist shot by Nazem Kadri.
4:22 of 1st period - Shot Blocked by Jonas Siegenthaler.
4:24 of 1st period - Slapshot by Brenden Dillon.
4:24 of 1st period - Stopped by Alex Lyon with a rebound.
4:26 of 1st period - Slapshot by Brenden Dillon.
4:26 of 1st period - Shot Misses the Net.
4:28 of 1st period - Slapshot by Brenden Dillon.
4:28 of 1st period - Shot Misses the Net.
4:30 of 1st period - Slapshot by Philip Broberg.
4:30 of 1st period - Shot Blocked by Jakob Chychrun.
4:48 of 1st period - Snap shot by Will Cuylle.
4:48 of 1st period - Shot Misses the Net.
5:21 of 1st period - Snap shot by William Nylander.
5:21 of 1st period - Stopped by Alex Lyon with a rebound.
5:23 of 1st period - Slapshot by Ivan Provorov.
5:23 of 1st period - Shot Blocked by Trevor van Riemsdyk.
5:25 of 1st period - Snap shot by William Nylander.
5:25 of 1st period - Shot Misses the Net.
5:27 of 1st period - Wrist shot by John Tavares.
5:27 of 1st period - Shot Blocked by Trevor van Riemsdyk.
5:29 of 1st period - Snap shot by Nazem Kadri.
5:29 of 1st period - Shot Blocked by Joel Kiviranta.
6:07 of 1st period - Wrist shot by Filip Chytil.
6:07 of 1st period - Deflect By Jordan Martinook.
6:07 of 1st period - Shot Misses the Net.
6:07 of 1st period - Puck is out of play.
6:08 of 1st period - Elias Lindholm wins face-off versus Mark Scheifele in Anaheim Ducks zone.
6:09 of 1st period - Snap shot by Brendan Gallagher.
6:09 of 1st period - Stopped by Linus Ullmark without a rebound.
6:10 of 1st period - Mark Scheifele wins face-off versus Elias Lindholm in Anaheim Ducks zone.
7:03 of 1st period - Snap shot by William Nylander.
7:03 of 1st period - Deflect By John Tavares.
7:03 of 1st period - Shot Misses the Net.
7:03 of 1st period - Puck is out of play.
7:04 of 1st period - John Tavares wins face-off versus Filip Chytil in Dallas Stars zone.
7:07 of 1st period - Wrist shot by William Nylander.
7:07 of 1st period - Goal by William Nylander - Dallas Stars : 0 - Anaheim Ducks : 1.
7:08 of 1st period - Josh Anderson wins face-off versus John Tavares in neutral zone.
8:19 of 1st period - Wrist shot by Alex Killorn.
8:19 of 1st period - Stopped by Alex Lyon without a rebound.
8:20 of 1st period - Parker Kelly wins face-off versus Jack Drury in Dallas Stars zone.
8:27 of 1st period - Wrist shot by Alex Killorn.
8:27 of 1st period - Shot Misses the Net.
8:29 of 1st period - Slapshot by Parker Kelly.
8:29 of 1st period - Stopped by Alex Lyon with a rebound.
8:31 of 1st period - Snap shot by Morgan Rielly.
8:31 of 1st period - Shot Blocked by Dougie Hamilton.
8:33 of 1st period - Snap shot by Parker Kelly.
8:33 of 1st period - Stopped by Alex Lyon with a rebound.
8:37 of 1st period - Slapshot by Morgan Rielly.
8:37 of 1st period - Stopped by Alex Lyon without a rebound.
8:38 of 1st period - John Tavares wins face-off versus Elias Lindholm in Dallas Stars zone.
8:45 of 1st period - Slapshot by Elias Lindholm.
8:45 of 1st period - Shot Blocked by Esa Lindell.
8:47 of 1st period - Slapshot by Brendan Gallagher.
8:47 of 1st period - Deflect By Elias Lindholm.
8:47 of 1st period - Stopped by Linus Ullmark without a rebound.
8:48 of 1st period - John Tavares wins face-off versus Elias Lindholm in Anaheim Ducks zone.
9:45 of 1st period - Wrist shot by Josh Anderson.
9:45 of 1st period - Stopped by Linus Ullmark with a rebound.
9:47 of 1st period - Wrist shot by Elias Lindholm.
9:47 of 1st period - Shot Misses the Net.
9:49 of 1st period - Wrist shot by Elias Lindholm.
9:49 of 1st period - Shot Blocked by Esa Lindell.
10:05 of 1st period - Slapshot by Josh Anderson.
10:05 of 1st period - Stopped by Linus Ullmark with a rebound.
10:07 of 1st period - Slapshot by Trevor van Riemsdyk.
10:07 of 1st period - Stopped by Linus Ullmark without a rebound.
10:08 of 1st period - Mark Scheifele wins face-off versus Filip Chytil in Anaheim Ducks zone.
10:13 of 1st period - Slapshot by Brayden Schenn.
10:13 of 1st period - Stopped by Alex Lyon without a rebound.
10:14 of 1st period - Mark Scheifele wins face-off versus Filip Chytil in Dallas Stars zone.
10:30 of 1st period - Icing by Arber Xhekaj.
10:31 of 1st period - Filip Chytil wins face-off versus Chandler Stephenson in Dallas Stars zone.
11:49 of 1st period - Snap shot by Alex Iafallo.
11:49 of 1st period - Stopped by Linus Ullmark without a rebound.
11:50 of 1st period - Mark Scheifele wins face-off versus Trent Frederic in Anaheim Ducks zone.
12:15 of 1st period - Alex Iafallo is hit by Brenden Dillon and loses puck.
12:40 of 1st period - Wrist shot by Chandler Stephenson.
12:40 of 1st period - Stopped by Alex Lyon without a rebound.
12:41 of 1st period - Mark Scheifele wins face-off versus Filip Chytil in Dallas Stars zone.
14:40 of 1st period - Wrist shot by Brendan Gallagher.
14:40 of 1st period - Stopped by Linus Ullmark with a rebound.
15:00 of 1st period - Wrist shot by Philip Tomasino.
15:00 of 1st period - Shot Misses the Net.
15:43 of 1st period - Slapshot by Morgan Rielly.
15:43 of 1st period - Stopped by Alex Lyon with a rebound.
16:05 of 1st period - Wrist shot by Nazem Kadri.
16:05 of 1st period - Stopped by Alex Lyon with a rebound.
16:07 of 1st period - Slapshot by John Tavares.
16:07 of 1st period - Stopped by Alex Lyon with a rebound.
16:14 of 1st period - Icing by Jack Drury.
16:15 of 1st period - Jack Drury wins face-off versus J.T. Compher in Dallas Stars zone.
16:30 of 1st period - Snap shot by Jordan Martinook.
16:30 of 1st period - Shot Blocked by J.T. Compher.
16:52 of 1st period - Ivan Provorov is hit by Josh Anderson.
17:10 of 1st period - Snap shot by Trent Frederic.
17:10 of 1st period - Shot Blocked by Morgan Rielly.
17:35 of 1st period - Alex Killorn is hit by Jordan Martinook and loses puck.
17:48 of 1st period - Will Cuylle is hit by Jack Drury and loses puck.
18:14 of 1st period - Chandler Stephenson is hit by Josh Anderson and loses puck.
18:27 of 1st period - Dougie Hamilton is hit by Brayden Schenn and loses puck.
18:36 of 1st period - Trent Frederic is hit by Mason Marchment.
19:56 of 1st period - J.T. Compher is hit by Jordan Greenway.
Goals for this period are 0 for Dallas Stars vs 1 for Anaheim Ducks.
Shots for this period are 8 for Dallas Stars vs 15 for Anaheim Ducks.
2nd period
0:01 of 2nd period - John Tavares wins face-off versus Filip Chytil in neutral zone.
0:15 of 2nd period - Wrist shot by William Nylander.
0:15 of 2nd period - Stopped by Alex Lyon with a rebound.
0:17 of 2nd period - Slapshot by Morgan Rielly.
0:17 of 2nd period - Stopped by Alex Lyon with a rebound.
0:32 of 2nd period - Brayden Schenn is hit by Josh Anderson and loses puck.
0:53 of 2nd period - Esa Lindell is hit by Jonas Siegenthaler and loses puck.
1:14 of 2nd period - Alex Killorn is hit by Jonas Siegenthaler and loses puck.
1:29 of 2nd period - Jordan Martinook is hit by John Tavares and loses puck.
1:37 of 2nd period - Minor Penalty to Jordan Martinook for Tripping.
1:38 of 2nd period - John Tavares wins face-off versus Elias Lindholm in Dallas Stars zone.
3:37 of 2nd period - Penalty to Jordan Martinook is over, Jordan Martinook is back on ice.
3:44 of 2nd period - Slapshot by Luke Kunin.
3:44 of 2nd period - Shot Misses the Net.
3:46 of 2nd period - Minor Penalty to Ivan Provorov for Tripping.
3:47 of 2nd period - Luke Kunin wins face-off versus Chandler Stephenson in Anaheim Ducks zone.
4:04 of 2nd period - Jonas Siegenthaler is hit by Chandler Stephenson and loses puck.
4:23 of 2nd period - Slapshot by Jakob Chychrun.
4:23 of 2nd period - Shot Misses the Net.
4:31 of 2nd period - Josh Anderson is hit by Will Cuylle.
5:31 of 2nd period - Philip Broberg is hit by Josh Anderson.
5:46 of 2nd period - Penalty to Ivan Provorov is over, Ivan Provorov is back on ice.
5:55 of 2nd period - Slapshot by Philip Tomasino.
5:55 of 2nd period - Stopped by Linus Ullmark without a rebound.
5:56 of 2nd period - John Tavares wins face-off versus Jack Drury in Anaheim Ducks zone.
6:27 of 2nd period - Slapshot by Joshua Morrissey.
6:27 of 2nd period - Shot Misses the Net.
6:29 of 2nd period - Snap shot by Parker Kelly.
6:29 of 2nd period - Stopped by Alex Lyon without a rebound.
6:30 of 2nd period - Parker Kelly wins face-off versus Filip Chytil in Dallas Stars zone.
7:27 of 2nd period - Snap shot by Luke Evangelista.
7:27 of 2nd period - Shot Blocked by Trevor van Riemsdyk.
7:29 of 2nd period - Wrist shot by Ivan Provorov.
7:29 of 2nd period - Deflect By Luke Evangelista.
7:29 of 2nd period - Shot Misses the Net.
7:29 of 2nd period - Puck is out of play.
7:30 of 2nd period - Mark Scheifele wins face-off versus Elias Lindholm in Dallas Stars zone.
7:41 of 2nd period - Snap shot by Mark Scheifele.
7:41 of 2nd period - Stopped by Alex Lyon with a rebound.
7:55 of 2nd period - John Tavares is hit by Trent Frederic and loses puck.
8:02 of 2nd period - Snap shot by Nazem Kadri.
8:02 of 2nd period - Stopped by Alex Lyon without a rebound.
8:03 of 2nd period - Mark Scheifele wins face-off versus Jordan Greenway in Dallas Stars zone.
8:06 of 2nd period - Slapshot by Brayden Schenn.
8:06 of 2nd period - Stopped by Alex Lyon with a rebound.
9:31 of 2nd period - Mason Marchment is hit by Alex Iafallo and loses puck.
9:50 of 2nd period - Brendan Gallagher is hit by John Tavares and loses puck.
10:01 of 2nd period - Joshua Morrissey is hit by Josh Anderson.
10:17 of 2nd period - Wrist shot by J.T. Compher.
10:17 of 2nd period - Stopped by Alex Lyon with a rebound.
10:19 of 2nd period - Wrist shot by J.T. Compher.
10:19 of 2nd period - Shot Misses the Net.
10:23 of 2nd period - Slapshot by Chandler Stephenson.
10:23 of 2nd period - Stopped by Alex Lyon with a rebound.
10:37 of 2nd period - Brenden Dillon is hit by Jonas Siegenthaler and loses puck.
10:44 of 2nd period - Snap shot by Philip Tomasino.
10:44 of 2nd period - Stopped by Linus Ullmark with a rebound.
10:46 of 2nd period - Slapshot by Jakob Chychrun.
10:46 of 2nd period - Shot Misses the Net.
11:01 of 2nd period - Backhand shot by Elias Lindholm.
11:01 of 2nd period - Stopped by Linus Ullmark with a rebound.
11:03 of 2nd period - Slapshot by Dougie Hamilton.
11:03 of 2nd period - Shot Misses the Net.
11:05 of 2nd period - Snap shot by Josh Anderson.
11:05 of 2nd period - Shot Blocked by Philip Broberg.
11:07 of 2nd period - Slapshot by Josh Anderson.
11:07 of 2nd period - Deflect By Brenden Dillon.
11:07 of 2nd period - Shot Misses the Net.
11:07 of 2nd period - Puck is out of play.
11:08 of 2nd period - Filip Chytil wins face-off versus Mark Scheifele in Anaheim Ducks zone.
11:24 of 2nd period - Minor Penalty to Brayden Schenn for Holding.
11:25 of 2nd period - Chandler Stephenson wins face-off versus Josh Anderson in Anaheim Ducks zone.
11:38 of 2nd period - Icing by Josh Anderson.
11:39 of 2nd period - Elias Lindholm wins face-off versus Chandler Stephenson in Dallas Stars zone.
11:50 of 2nd period - Slapshot by Elias Lindholm.
11:50 of 2nd period - Shot Misses the Net.
11:52 of 2nd period - Slapshot by Dougie Hamilton.
11:52 of 2nd period - Stopped by Linus Ullmark with a rebound.
11:54 of 2nd period - Wrist shot by Elias Lindholm.
11:54 of 2nd period - Goal by Elias Lindholm - Dallas Stars : 1 - Anaheim Ducks : 1.
11:55 of 2nd period - John Tavares wins face-off versus Elias Lindholm in neutral zone.
12:00 of 2nd period - Wrist shot by John Tavares.
12:00 of 2nd period - Stopped by Alex Lyon without a rebound.
12:01 of 2nd period - John Tavares wins face-off versus Elias Lindholm in Dallas Stars zone.
13:12 of 2nd period - Snap shot by Alex Killorn.
13:12 of 2nd period - Shot Blocked by Arber Xhekaj.
14:08 of 2nd period - Trent Frederic is hit by Chandler Stephenson and loses puck.
14:23 of 2nd period - Wrist shot by Alex Iafallo.
14:23 of 2nd period - Shot Blocked by Will Cuylle.
14:25 of 2nd period - Slapshot by Jordan Greenway.
14:25 of 2nd period - Shot Misses the Net.
14:50 of 2nd period - Wrist shot by Chandler Stephenson.
14:50 of 2nd period - Stopped by Alex Lyon with a rebound.
15:33 of 2nd period - Jordan Greenway is hit by J.T. Compher and loses puck.
15:38 of 2nd period - Snap shot by Will Cuylle.
15:38 of 2nd period - Stopped by Alex Lyon without a rebound.
15:39 of 2nd period - John Tavares wins face-off versus Elias Lindholm in Dallas Stars zone.
15:40 of 2nd period - Snap shot by William Nylander.
15:40 of 2nd period - Stopped by Alex Lyon without a rebound.
15:41 of 2nd period - John Tavares wins face-off versus Elias Lindholm in Dallas Stars zone.
15:54 of 2nd period - Snap shot by Josh Anderson.
15:54 of 2nd period - Stopped by Linus Ullmark with a rebound.
15:56 of 2nd period - Slapshot by Brendan Gallagher.
15:56 of 2nd period - Stopped by Linus Ullmark with a rebound.
16:16 of 2nd period - Jordan Martinook is hit by Mason Marchment and loses puck.
16:58 of 2nd period - William Nylander is hit by Jakob Chychrun.
17:10 of 2nd period - Snap shot by Filip Chytil.
17:10 of 2nd period - Shot Misses the Net.
17:12 of 2nd period - Wrist shot by Filip Chytil.
17:12 of 2nd period - Goal by Filip Chytil - Dallas Stars : 2 - Anaheim Ducks : 1.
17:13 of 2nd period - John Tavares wins face-off versus Filip Chytil in neutral zone.
17:25 of 2nd period - Slapshot by Filip Chytil.
17:25 of 2nd period - Shot Misses the Net.
17:50 of 2nd period - Backhand shot by Mason Marchment.
17:50 of 2nd period - Shot Blocked by Dougie Hamilton.
18:06 of 2nd period - Wrist shot by Jack Drury.
18:06 of 2nd period - Stopped by Linus Ullmark without a rebound.
18:07 of 2nd period - Filip Chytil wins face-off versus Chandler Stephenson in Anaheim Ducks zone.
18:08 of 2nd period - Snap shot by Jordan Martinook.
18:08 of 2nd period - Stopped by Linus Ullmark with a rebound.
18:20 of 2nd period - Wrist shot by Jordan Martinook.
18:20 of 2nd period - Deflect By Luke Kunin.
18:20 of 2nd period - Stopped by Linus Ullmark with a rebound.
18:55 of 2nd period - Dougie Hamilton is hit by Mason Marchment and loses puck.
19:18 of 2nd period - Slapshot by Morgan Rielly.
19:18 of 2nd period - Goal by Morgan Rielly - Dallas Stars : 2 - Anaheim Ducks : 2.
19:19 of 2nd period - Elias Lindholm wins face-off versus John Tavares in neutral zone.
Goals for this period are 2 for Dallas Stars vs 1 for Anaheim Ducks.
Shots for this period are 11 for Dallas Stars vs 13 for Anaheim Ducks.
3rd period
0:01 of 3rd period - William Nylander wins face-off versus Elias Lindholm in neutral zone.
0:11 of 3rd period - Icing by Brendan Gallagher.
0:12 of 3rd period - Elias Lindholm wins face-off versus Mark Scheifele in Dallas Stars zone.
1:18 of 3rd period - Trevor van Riemsdyk is hit by Mark Scheifele and loses puck.
2:23 of 3rd period - Minor Penalty to Mason Marchment for Tripping.
2:24 of 3rd period - Filip Chytil wins face-off versus Chandler Stephenson in Anaheim Ducks zone.
2:54 of 3rd period - Esa Lindell is hit by Jonas Siegenthaler and loses puck.
3:19 of 3rd period - Jonas Siegenthaler is hit by Brenden Dillon and loses puck.
4:12 of 3rd period - Chandler Stephenson is hit by Jonas Siegenthaler and loses puck.
4:23 of 3rd period - Penalty to Mason Marchment is over, Mason Marchment is back on ice.
4:38 of 3rd period - Icing by Parker Kelly.
4:39 of 3rd period - Parker Kelly wins face-off versus Trent Frederic in Anaheim Ducks zone.
5:08 of 3rd period - Snap shot by Esa Lindell.
5:08 of 3rd period - Stopped by Alex Lyon with a rebound.
5:36 of 3rd period - Wrist shot by Alex Killorn.
5:36 of 3rd period - Stopped by Alex Lyon with a rebound.
6:06 of 3rd period - Snap shot by Alex Iafallo.
6:06 of 3rd period - Stopped by Linus Ullmark without a rebound.
6:07 of 3rd period - John Tavares wins face-off versus Trent Frederic in Anaheim Ducks zone.
6:26 of 3rd period - Jordan Greenway is hit by Brenden Dillon and loses puck.
6:43 of 3rd period - Snap shot by William Nylander.
6:43 of 3rd period - Stopped by Alex Lyon with a rebound.
6:45 of 3rd period - Slapshot by Brenden Dillon.
6:45 of 3rd period - Stopped by Alex Lyon with a rebound.
6:51 of 3rd period - Snap shot by John Tavares.
6:51 of 3rd period - Stopped by Alex Lyon with a rebound.
6:53 of 3rd period - Slapshot by Philip Broberg.
6:53 of 3rd period - Shot Misses the Net.
6:55 of 3rd period - Slapshot by Brenden Dillon.
6:55 of 3rd period - Shot Misses the Net.
6:57 of 3rd period - Slapshot by Brenden Dillon.
6:57 of 3rd period - Shot Blocked by Alex Iafallo.
6:59 of 3rd period - Wrist shot by John Tavares.
6:59 of 3rd period - Stopped by Alex Lyon with a rebound.
7:01 of 3rd period - Slapshot by Brenden Dillon.
7:01 of 3rd period - Stopped by Alex Lyon with a rebound.
7:03 of 3rd period - Slapshot by Philip Broberg.
7:03 of 3rd period - Stopped by Alex Lyon with a rebound.
7:05 of 3rd period - Slapshot by William Nylander.
7:05 of 3rd period - Stopped by Alex Lyon without a rebound.
7:06 of 3rd period - Filip Chytil wins face-off versus Mark Scheifele in Dallas Stars zone.
7:19 of 3rd period - Wrist shot by Filip Chytil.
7:19 of 3rd period - Shot Blocked by Brayden Schenn.
7:29 of 3rd period - Minor Penalty to Luke Kunin for Roughing.
7:30 of 3rd period - Elias Lindholm wins face-off versus Brayden Schenn in Dallas Stars zone.
7:41 of 3rd period - Snap shot by Brayden Schenn.
7:41 of 3rd period - Shot Misses the Net.
8:35 of 3rd period - Josh Anderson is hit by Mason Marchment and loses puck.
9:29 of 3rd period - Penalty to Luke Kunin is over, Luke Kunin is back on ice.
9:38 of 3rd period - Luke Kunin is hit by Will Cuylle.
11:34 of 3rd period - Trent Frederic is hit by Ivan Provorov and loses puck.
11:57 of 3rd period - William Nylander is hit by Jordan Martinook and loses puck.
12:34 of 3rd period - Will Cuylle is hit by Alex Iafallo and loses puck.
13:53 of 3rd period - Slapshot by Chandler Stephenson.
13:53 of 3rd period - Stopped by Alex Lyon with a rebound.
14:24 of 3rd period - Snap shot by Trent Frederic.
14:24 of 3rd period - Stopped by Linus Ullmark with a rebound.
14:26 of 3rd period - Wrist shot by Trent Frederic.
14:26 of 3rd period - Stopped by Linus Ullmark with a rebound.
14:28 of 3rd period - Backhand shot by Trevor van Riemsdyk.
14:28 of 3rd period - Stopped by Linus Ullmark with a rebound.
14:30 of 3rd period - Slapshot by Dougie Hamilton.
14:30 of 3rd period - Stopped by Linus Ullmark with a rebound.
14:34 of 3rd period - Wrist shot by Alex Iafallo.
14:34 of 3rd period - Stopped by Linus Ullmark without a rebound.
14:35 of 3rd period - Mason Marchment wins face-off versus Elias Lindholm in Anaheim Ducks zone.
16:06 of 3rd period - Morgan Rielly is hit by Luke Kunin and loses puck.
16:17 of 3rd period - Brendan Gallagher is hit by Mason Marchment and loses puck.
16:51 of 3rd period - Icing by Joel Kiviranta.
16:52 of 3rd period - John Tavares wins face-off versus Trent Frederic in Dallas Stars zone.
17:19 of 3rd period - Slapshot by Brendan Gallagher.
17:19 of 3rd period - Shot Misses the Net.
17:21 of 3rd period - Slapshot by Brendan Gallagher.
17:21 of 3rd period - Stopped by Linus Ullmark with a rebound.
17:23 of 3rd period - Slapshot by Jakob Chychrun.
17:23 of 3rd period - Stopped by Linus Ullmark without a rebound.
17:24 of 3rd period - Chandler Stephenson wins face-off versus Brendan Gallagher in Anaheim Ducks zone.
18:05 of 3rd period - Brenden Dillon is hit by Brendan Gallagher.
18:11 of 3rd period - Wrist shot by Chandler Stephenson.
18:11 of 3rd period - Goal by Chandler Stephenson - Dallas Stars : 2 - Anaheim Ducks : 3.
18:12 of 3rd period - Trent Frederic wins face-off versus John Tavares in neutral zone.
18:39 of 3rd period - Mark Scheifele is hit by Jordan Martinook and loses puck.
18:42 of 3rd period - Dallas Stars, Alex Lyon is pulled from the net.
18:44 of 3rd period - Snap shot by Jordan Martinook.
18:44 of 3rd period - Shot Misses the Net.
18:46 of 3rd period - Slapshot by Trevor van Riemsdyk.
18:46 of 3rd period - Stopped by Linus Ullmark without a rebound.
18:47 of 3rd period - Claude Julien call a timeout for Dallas Stars.
18:47 of 3rd period - Elias Lindholm wins face-off versus Chandler Stephenson in Anaheim Ducks zone.
18:52 of 3rd period - Wrist shot by Josh Anderson.
18:52 of 3rd period - Deflect By Brendan Gallagher.
18:52 of 3rd period - Shot Blocked by Ivan Provorov.
18:52 of 3rd period - Puck is out of play.
18:53 of 3rd period - Elias Lindholm wins face-off versus Chandler Stephenson in Anaheim Ducks zone.
18:54 of 3rd period - Wrist shot by Josh Anderson.
18:54 of 3rd period - Stopped by Linus Ullmark without a rebound.
18:55 of 3rd period - Chandler Stephenson wins face-off versus Josh Anderson in Anaheim Ducks zone.
19:51 of 3rd period - Slapshot by Brendan Gallagher.
19:51 of 3rd period - Goal by Brendan Gallagher - Dallas Stars : 3 - Anaheim Ducks : 3.
19:51 of 3rd period - Alex Lyon from Dallas Stars was sent back in the game.
19:52 of 3rd period - Mark Scheifele wins face-off versus Elias Lindholm in neutral zone.
Goals for this period are 1 for Dallas Stars vs 1 for Anaheim Ducks.
Shots for this period are 11 for Dallas Stars vs 11 for Anaheim Ducks.
Overtime #1
0:01 of 1st overtime period - John Tavares wins face-off versus Elias Lindholm in neutral zone.
1:10 of 1st overtime period - Icing by Ivan Provorov.
1:11 of 1st overtime period - Mark Scheifele wins face-off versus Elias Lindholm in Anaheim Ducks zone.
1:16 of 1st overtime period - Wrist shot by Elias Lindholm.
1:16 of 1st overtime period - Goal by Elias Lindholm - Dallas Stars : 4 - Anaheim Ducks : 3.
Goals for this period are 1 for Dallas Stars vs 0 for Anaheim Ducks.
Shots for this period are 1 for Dallas Stars vs 0 for Anaheim Ducks.
Back to the Top